AoeStats
← WarmGoldfish998

Arabia

510572189Analyzed
1v1 RM · 13h ago on Oct 1, 2026· 34m 55s· 2 players
Game mode
Random Map
Map size
Tiny (2 player)
Population
200
Speed
Normal
Resources
Standard
Victory
Conquest
Starting age
Dark Age
Ending age
Imperial Age
RankedLock teamsTeams togetherTeam positionsShared explorationLock speedFull tech treeHidden civsTurbo modeCheats
Victory
Defeat
🇳🇱 Danes · Netherlands
643
+18
🇪🇸 Chinese · Spain
681
-18
Paink1llerX
10:00 Feudal Age
10:59 Loom
15:32 Castle Age
13:45 Double-Bit Axe
15:06 Stone Mining
WarmGoldfish998
3:46 Loom
14:02 Feudal Age
14:40 Double-Bit Axe
14:41 Horse Collar
27:21 Castle Age
Connection lost

Rejoining the realm…

Still unreachable

The connection could not be restored.

Session expired

The server has moved on; the page needs a fresh start.